 Dungeon Crawl Stone Soup version 0.19.0-24-gb05acd6 (console) character file.

145 Jesseh the Conjurer (level 5, -1/57 HPs)
             Began as a Draconian Conjurer on Nov 21, 2016.
             Was an Initiate of Vehumet.
             Slain by a giant cockroach (2 damage)
             ... on level 2 of the Dungeon.
             The game lasted 00:16:56 (2693 turns).

Jesseh the Conjurer (Draconian Conjurer)            Turns: 2693, Time: 00:16:57

Health: -1/57      AC:  5    Str: 16    XL:     5   Next: 6%
Magic:  10/10      EV: 12    Int: 16    God:    Vehumet [......]
Gold:   108        SH:  0    Dex: 11    Spells: 3 memorised, 1 level left

rFire  . . .     SeeInvis .     u - +2 quarterstaff (chaos)
rCold  . . .     Gourm    .     (armour unavailable)
rNeg   . . .     Faith    .     (shield currently unavailable)
rPois  .         Spirit   .     (helmet restricted)
rElec  .         Reflect  .     (no cloak)
rCorr  .         Harm     .     (no gloves)
MR     .....                    (no boots)
Stlth  ..........               (no amulet)
                                (no ring)
                                (no ring)

@: berserking, very quick
A: unfitting armour, cold-blooded, AC +5
a: Renounce Religion


You were on level 2 of the Dungeon.
You worshipped Vehumet.
Vehumet was noncommittal.
You were not hungry.

You visited 1 branch of the dungeon, and saw 3 of its levels.

You collected 108 gold pieces.

Inventory:

Hand Weapons
 k - a +0 dagger
   (You found it on level 1 of the Dungeon)
 r - a +0 whip
   (You took it off a kobold on level 2 of the Dungeon)
 t - a +1 vampiric dagger
   (You took it off a kobold on level 2 of the Dungeon)
 u - a +2 quarterstaff of chaos (weapon)
   (You took it off Crazy Yiuf on level 2 of the Dungeon)
 x - a +0 mace
   (You found it on level 2 of the Dungeon)
Missiles
 q - 13 poisoned needles
Armour
 v - a +1 cloak of magic resistance
   (You took it off Crazy Yiuf on level 2 of the Dungeon)
Wands
 w - a wand of hasting (4/9)
   (You took it off Crazy Yiuf on level 2 of the Dungeon)
Scrolls
 d - a scroll of blinking {unknown}
 g - a scroll of random uselessness {unknown}
 j - a scroll of remove curse
 m - 2 scrolls of fear {unknown}
 s - 2 scrolls of identify {unknown}
Potions
 c - a potion of resistance {unknown}
 e - a potion of flight {unknown}
 f - a potion of lignification {unknown}
 p - a potion of cancellation {unknown}
Books
 a - a book of Conjurations
Comestibles
 b - 3 bread rations
 l - a meat ration
 n - a beef jerky
 o - a slice of pizza


   Skills:
 - Level 1.7 Dodging
 - Level 1.7 Stealth
 + Level 3.8 Spellcasting
 - Level 5.1 Conjurations
 * Level 0.3 Charms


You had one spell level left.
You knew the following spells:

 Your Spells              Type           Power        Failure   Level  Hunger
a - Magic Dart            Conj           ###.         1%          1    None
b - Iskenderun's Mystic   Conj           ###.....     21%         4    ####...
c - Iskenderun's Battles  Conj/Chrm      ##......     98%         5    ######.


Dungeon Overview and Level Annotations

Branches:
Dungeon (3/15)

Altars:
Vehumet


Innate Abilities, Weirdness & Mutations

Your plain brown scales are hard. (AC +5)
You cannot fit into any form of body armour.
You are cold-blooded and may be slowed by cold attacks.


Message History

All of the chunks of flesh in your inventory have rotted away.
You see here a rat corpse.
You butcher the rat corpse.
h - a chunk of flesh
There is an escape hatch in the floor here.
You slide downwards.
The hatch slams shut behind you.
A worm, a giant cockroach and a kobold come into view.
The kobold shouts!
You hear a shout!
Aim: a kobold, wielding a short sword The magic dart hits the kobold.
You kill the kobold!
Vehumet accepts your kill.
Aim: a giant cockroach The magic dart hits the giant cockroach.
Aim: a giant cockroach (severely wounded)
The magic dart hits the giant cockroach.
You kill the giant cockroach!
Vehumet accepts your kill.
Aim: a worm The magic dart hits the worm.
Aim: a worm (lightly wounded)
The magic dart hits the worm.
An orc comes into view.
Aim: a worm (moderately wounded)
The magic dart hits the worm.
Aim: a worm (heavily wounded)
The magic dart hits the worm.
A black bear and an orc priest come into view.
The orc priest shouts!
The black bear growls angrily.
You sock the worm! You burn the worm.
You kill the worm!
Vehumet accepts your kill. The orc barely misses you.
A giant cockroach and an orc come into view.
You closely miss the orc.
The orc shouts!
The orc barely misses you.
You hit the orc. You burn the orc. The orc misses you.
An orc comes into view. It is wielding a club.
You are feeling hungry.
You closely miss the orc. The orc closely misses you. The orc hits you.
An orc comes into view. It is wielding a club.
You don't know that spell.
Aim: a black bear The magic dart hits the black bear.
The orc shouts! x2
The black bear bites you but does no damage.
The black bear claws you but does no damage.
The black bear claws you. The orc misses you.
You closely miss the black bear.
You tail-slap the black bear, but do no damage.
The black bear bites you!
The black bear claws you but does no damage.
The black bear claws you.
As you read the scroll labeled NIRGHA XEISARA, it crumbles to dust.
You feel blessed for a moment.
It was a scroll of remove curse.
The orc barely misses you. The black bear bites you. The black bear claws you.
The black bear closely misses you. The orc hits you.
The orc priest mumbles some strange prayers to Beogh against you.
Pain shoots through your body!
* * * LOW HITPOINT WARNING * * *
The orc hits you but does no damage.
A kobold comes into view.
The orc misses you.
The orc priest begins to cast a cantrip, but forgets the words!
The orc hits you but does no damage.
The kobold throws a stone.
The stone barely misses you.
Found a stone staircase leading down.
The kobold throws a stone.
The stone hits you but does no damage.
You see here a stone.
A worm comes into view.
The orc priest calls upon Beogh to heal the orc.
The orc's wounds heal themselves!
The orc misses you.
Eat a chunk of flesh? (ye/n/q)
You start eating the chunk of flesh.
The orc barely misses you.
A rat comes into view.
The orc priest calls down the wrath of Beogh upon you.
Beogh smites you!
* * * LOW HITPOINT WARNING * * *
Found an escape hatch in the ceiling.
The giant cockroach waves its antennae.
The orc misses you.
The orc priest casts a cantrip, but nothing happens.
Found a stone staircase leading up.
The orc barely misses you.
The giant cockroach waves its antennae.
There is a stone staircase leading up here.
The giant cockroach bites you but does no damage.
The orc barely misses you.
You climb upwards.
There is a stone staircase leading down here.
You barely miss the orc. The giant cockroach barely misses you.
The orc hits you with a club.
* * * LOW HITPOINT WARNING * * *
The giant cockroach closely misses you.
A red film seems to cover your vision as you go berserk!
You feel yourself moving faster!
You feel mighty! The giant cockroach bites you.
You die...

▒▒▒▒▒▒▒▒▒▒▒
▒▒▒▒▒▒do..>....▒▒▒▒▒
▒.....B..▒▒▒▒......▒
▒........▒ ▒......▒
▒........▒ ▒......▒
▒▒▒▒▒▒'▒▒▒ ▒......▒
▒.▒ ▒......▒▒▒▒ ▒.▒
▒......▒▒..
▒.▒▒▒▒▒▒......▒▒.▒
▒.........▒..▒▒▒.▒


You could see an orc and a giant cockroach.

Vanquished Creatures
  Crazy Yiuf (D:2)
  Ijyb (D:2)
  4 adders (D:2)
  2 worms
  4 leopard geckos
  A ball python (D:2)
  4 bats
  2 giant cockroaches
  7 goblins
  A hobgoblin (D:1)
  2 jackals (D:2)
  2 frilled lizards
  8 kobolds
  7 rats
  A fungus (D:2)
47 creatures vanquished.

Notes
Turn   | Place    | Note
-------+----------+-------------------------------------------
     0 | D:1      | Jesseh the Draconian Conjurer began the quest for the Orb.
     0 | D:1      | Reached XP level 1. HP: 14/14 MP: 3/3
   121 | D:1      | Reached XP level 2. HP: 16/20 MP: 0/5
   125 | D:1      | HP: 3/20 [leopard gecko (4)]
   152 | D:1      | HP: 2/20 [leopard gecko (2)]
  1225 | D:2      | Reached XP level 3. HP: 26/26 MP: 5/7
  1292 | D:2      | Reached skill level 3 in Spellcasting
  1389 | D:2      | HP: 3/26 [kobold/whip (4)]
  1394 | D:2      | HP: 1/26 [poisoned by an adder]
  1400 | D:2      | HP: 3/26 [kobold/whip (5)]
  1596 | D:2      | Found a radiant altar of Vehumet.
  1620 | D:2      | Became a worshipper of Vehumet
  1637 | D:2      | Noticed Ijyb
  1656 | D:2      | Killed Ijyb
  1656 | D:2      | Reached XP level 4. HP: 21/33 MP: 0/9
  1663 | D:2      | Learned a level 4 spell: Iskenderun's Mystic Blast
  2362 | D:2      | Found a runed door.
  2366 | D:2      | Noticed Crazy Yiuf
  2380 | D:2      | Killed Crazy Yiuf
  2380 | D:2      | Reached skill level 5 in Conjurations
  2380 | D:2      | Reached XP level 5. HP: 23/38 MP: 0/10
  2403 | D:2      | Learned a level 5 spell: Iskenderun's Battlesphere
  2623 | D:3      | Noticed a black bear
  2629 | D:3      | HP: 9/38 [orc priest/nerve-wracking pain (7)]
  2659 | D:3      | HP: 2/38 [orc priest/divine providence (11)]
  2692 | D:2      | HP: 1/38 [orc/club (5)]
  2693 | D:2      | Slain by a giant cockroach

Skill      XL: |  1  2  3  4 |
---------------+-------------+-----
Spellcasting   | 3 |  3.8
Conjurations   | 5 |  5.1
Dodging        | |  1.7
Stealth        | |  1.7
Charms         | |  0.3

Action                   |  1- 3 |  4- 6 || total
-------------------------+-------+-------++-------
Melee: Unarmed           |    20 |       ||    20
       Tailslap          |     7 |     5 ||    12
       Whip              |    28 |    28 ||    56
       Quarterstaff      |       |     6 ||     6
 Cast: Magic Dart        |    64 |    35 ||    99
  Use: Potion            |     2 |     1 ||     3
       Scroll            |       |     1 ||     1
  Eat: Chunk             |     3 |     2 ||     5
       Beef jerky        |       |     1 ||     1
Armor: Skin              |    26 |    10 ||    36
Dodge: Dodged            |    53 |    22 ||    75

Vault maps used:
D:1:      minmay_arrival_shattered_statue, minmay_heptomino_o4
D:2:      lemuel_tele_altar, uniq_iyjb, uniq_crazy_yiuf_cottage
D:3:      first_bread, minmay_hedge_maze, uniq_jessica

Table legend:
 A = Turns spent in this place as a percentage of turns spent in the entire game.
 B = Non-inter-level travel turns spent in this place as a percentage of non-inter-level travel turns spent in the entire game.
 C = Inter-level travel turns spent in this place as a percentage of turns spent in this place.
 D = Turns resting spent in this place as a percentage of non-inter-level travel turns spent in this place.
 E = Turns spent auto-exploring this place as a percentage of non-inter-level travel turns spent in this place.
 F = Non-inter-level travel turns spent in this place divided by the number of levels of this place that you've seen.
                   A       B       C       D       E      F
               +-------+-------+-------+-------+-------+----------------------
         Total | 100.0 | 100.0 |   0.4 |   2.9 |   6.4 | 264.3
       Dungeon | 100.0 | 100.0 |   0.4 |   2.9 |   6.4 | 264.3
               +-------+-------+-------+-------+-------+----------------------

Table legend:
 A = Kills in this place as a percentage of kills in entire the game.
 B = Kills by you in this place as a percentage of kills by you in the entire game.
 C = Kills by friends in this place as a percentage of kills by friends in the entire game.
 D = Other kills in this place as a percentage of other kills in the entire game.
 E = Experience gained in this place as a percentage of experience gained in the entire game.
 F = Experience gained in this place divided by the number of levels of this place that you have seen.
                   A       B       C       D       E      F
               +-------+-------+-------+-------+-------+----------------------
         Total | 100.0 | 100.0 |  -nan |  -nan | 100.0 |  69.3
       Dungeon | 100.0 | 100.0 |  -nan |  -nan | 100.0 |  69.3
               +-------+-------+-------+-------+-------+----------------------
